 Dungeon Crawl Stone Soup version 0.27.0-1-g7a089689b8 (webtiles) character file.

Game seed: 4380903718952110355

46 pkoi the Insei (level 3, 0/28 HPs)
             Began as a Draconian Transmuter on Aug 12, 2021.
             Succumbed to an adder's poison
             ... on level 2 of the Dungeon.
             The game lasted 00:02:07 (1970 turns).

pkoi the Insei (Draconian Transmuter)               Turns: 1970, Time: 00:02:08

Health: 0/28       AC:  5    Str: 12    XL:     3   Next: 44%
Magic:  6/6        EV: 12    Int: 13    God:
Gold:   83         SH:  0    Dex: 12    Spells: 2/6 levels left

rFire    . . .     SeeInvis .     - Unarmed
rCold    . . .     Faith    .   (no shield)
rNeg     . . .     Spirit   .   (armour unavailable)
rPois    .         Reflect  .   (helmet restricted)
rElec    .         Harm     .   (no cloak)
rCorr    .         Rampage  .   (no gloves)
Will     .....                  (no boots)
Stlth    +.........             (no amulet)
HPRegen  0.09/turn              j - ring of flight
MPRegen  0.10/turn              (no ring)

@: mighty, lethally poisoned (0 -> -1), flying
A: AC +5, unfitting armour, cold-blooded
a: no special abilities


You were on level 2 of the Dungeon.
You visited 1 branch of the dungeon, and saw 2 of its levels.

You collected 83 gold pieces.

Inventory:

Missiles
 d - 8 javelins
Jewellery
 j - a ring of flight (left hand)
 l - a +6 ring of dexterity
Wands
 i - a wand of flame (18)
Scrolls
 a - 2 scrolls of fear {unknown}
 f - 2 scrolls of noise {unknown}
 g - a scroll of fog {unknown}
 h - 3 scrolls of identify {unknown}
Potions
 b - a potion of might
 c - a potion of curing {unknown}
 e - a potion of brilliance {unknown}
 k - a potion of flight {unknown}


   Skills:
 - Level 1.1 Fighting
 - Level 1.7 Dodging
 + Level 4.3 Unarmed Combat
 - Level 2.0 Spellcasting
 + Level 2.2 Transmutations
 + Level 0.5 Poison Magic


You had 2 spell levels left.
You knew the following spells:

 Your Spells              Type           Power      Damage    Failure   Level
a - Beastly Appendage     Tmut           14%        N/A       11%         1
b - Spider Form           Tmut/Pois      2%         N/A       41%         3

Your spell library contained the following spells:

 Spells                   Type           Power      Damage    Failure   Level
 Wereblood                Tmut           7%         N/A       16%         2
 Apportation              Tloc           2%         N/A       26%         1
 Corona                   Hex            1%         N/A       26%         1
 Ensorcelled Hibernation  Hex/Ice        2%         N/A       36%         2
 Tukima's Dance           Hex            1%         N/A       58%         3
 Ice Form                 Ice/Tmut       4%         N/A       85%         4
 Alistair's Intoxication  Tmut/Pois      2%         N/A       99%         5
 Invisibility             Hex            0%         N/A       100%        6


Dungeon Overview and Level Annotations

Branches:
Dungeon (2/15)

Altars:


Innate Abilities, Weirdness & Mutations

Your plain brown scales are hard. (AC +5)
You cannot fit into any form of body armour.
You are cold-blooded and may be slowed by cold attacks.


Message History

You barely miss the worm. You hit the worm.
The worm is lightly wounded.
The worm bites you!
* * * LOW HITPOINT WARNING * * *
You hit the worm.
The worm is moderately wounded.
The worm barely misses you.
You hit the worm but do no damage.
The worm is moderately wounded.
You hit the worm.
The worm is severely wounded.
The worm bites you.
* * * LOW HITPOINT WARNING * * *
You hit the worm but do no damage.
The worm is severely wounded.
You barely miss the worm.
The worm is severely wounded.
The worm closely misses you.
An adder comes into view.
The adder hisses angrily.
It was a potion of might.
You feel very mighty all of a sudden.
You closely miss the adder. The adder closely misses you.
You closely miss the adder.
Your tail-slap misses the adder.
The adder closely misses you.
You miss the adder. The adder bites you but does no damage.
You miss the adder. The adder bites you.
* * * LOW HITPOINT WARNING * * *
You are lethally poisoned!
The adder poisons you!
You closely miss the adder. You tail-slap the adder!
The adder is severely wounded.
* * * LOW HITPOINT WARNING * * *
You feel sick. The adder barely misses you. The adder misses you.
You closely miss the adder. You tail-slap the adder.
You kill the adder!
* * * LOW HITPOINT WARNING * * *
You feel sick.
You die...

#.........#.##...##.#....
#.........###.....###....
#.........##.......##....
######.#..#.........#....
##...................
##..............#.....
###########...............#.....
#.w.....w.......................
#.#######......@.........#......
#.# ##.#...#..........#......
#.# #.#.#.#.#........<#......
#w# ##..#...#..........#......
#.# ##.#...#...#........#......
#.# #.#.#.#.#.#.#......########
#.# ##..#...#...#......## #.#
#.#...#...#...#.#### #.#
##.#.#.#.#.#.#.##


You could see a worm.

Vanquished Creatures
  An adder (D:2)
  An endoplasm (D:2)
  2 giant cockroaches
  2 goblins
  2 hobgoblins
  6 jackals (D:1)
  8 ball pythons
  4 bats
  3 frilled lizards
  6 kobolds (D:1)
  3 rats
38 creatures vanquished.

Notes
Turn   | Place    | Note
-------+----------+-------------------------------------------
     0 | D:1      | pkoi the Draconian Transmuter began the quest for the Orb.
     0 | D:1      | Reached XP level 1. HP: 16/16 MP: 3/3
   464 | D:1      | Reached XP level 2. HP: 23/23 MP: 5/5
  1136 | D:1      | Reached skill level 4 in Unarmed Combat
  1371 | D:1      | Reached XP level 3. HP: 28/28 MP: 6/6
  1532 | D:1      | Learned a level 3 spell: Spider Form
  1969 | D:2      | HP: 1/28 [poisoned by an adder]
  1970 | D:2      | Succumbed to an adder's poison

Illustrated notes

Levels and vault maps discovered:
D:1:      wander_arrival_fairy_ring, layout_basic
D:2:      layout_rooms, kennysheep_doodads, grunt_decor_arrowhead,
          chequers_arboretum, minmay_strange_pillars

Skill      XL: |  1  2 |
---------------+-------+-----
Unarmed Combat | 4 |  4.3
Fighting       | |  1.1
Dodging        | |  1.7
Spellcasting   | |  2.0
Transmutations | |  2.2
Poison Magic   | |  0.5

Action                   || total
-------------------------++-------
Melee: Unarmed           ||   139
       Tailslap          ||    11
       Punch             ||     1
  Use: Potion            ||     1
Armor: Skin              ||    44
Dodge: Dodged            ||    93
